 Dungeon Crawl Stone Soup version 0.29.1-15-g9cfb28693d (webtiles) character file.

Game seed: 5053431992397586039

175 Artool the Trooper (level 5, 0/42 HPs)
             Began as a Demonspawn Fighter on Apr 11, 2023.
             Slain by an orc priest
             ... wielding a +0 trident
              (7 damage)
             ... on level 3 of the Dungeon.
             The game lasted 00:04:47 (2375 turns).

Artool the Trooper (Demonspawn Fighter)             Turns: 2375, Time: 00:04:47

Health: 0/42       AC:  8    Str: 18    XL:     5   Next: 29%
Magic:  5/5        EV:  9    Int:  9    God:
Gold:   93         SH:  4    Dex: 13    Spells: 4/4 levels left

rFire   . . .      SeeInvis .   a - +0 flail
rCold   . . .      Faith    .   c - +0 buckler
rNeg    . . .      Spirit   .   b - +0 scale mail
rPois   .          Reflect  .   (no helmet)
rElec   .          Harm     .   q - +0 cloak
rCorr   .          Rampage  .   (no gloves)
Will    .....                   (no boots)
Stlth   ..........              (no amulet)
HPRegen 0.14/turn               (no ring)
MPRegen 0.09/turn               (no ring)

@: no status effects
A: spiny 2
a: no special abilities


You were on level 3 of the Dungeon.
You visited 1 branch of the dungeon, and saw 3 of its levels.
You also visited: Sewer.

You collected 123 gold pieces.
You spent 30 gold pieces at shops.

Inventory:

Hand Weapons
 a - a +0 flail (weapon)
Missiles
 e - 5 javelins (quivered)
 f - 3 poisoned darts
Armour
 b - a +0 scale mail (worn)
 c - a +0 buckler (worn)
 q - a +0 cloak (worn)
 x - a +0 troll leather armour {Pargi}
Wands
 s - a wand of roots (11)
Scrolls
 g - a scroll of identify {unknown}
 h - 2 scrolls of torment {unknown}
 j - 5 scrolls of teleportation {unknown}
 k - 2 scrolls of magic mapping {unknown}
 o - a scroll of enchant armour {unknown}
 r - a scroll of enchant weapon {unknown}
 w - a scroll of fear {unknown}
Potions
 d - a potion of might
 i - 2 potions of resistance {unknown}
 l - 2 potions of degeneration {unknown}
 m - 3 potions of curing
 n - a potion of mutation {unknown}
 p - 2 potions of lignification {unknown}
 t - a potion of flight {unknown}
 u - a potion of invisibility {unknown}
 v - 2 potions of heal wounds {unknown}


   Skills:
 + Level 4.1 Fighting
 + Level 3.1 Maces & Flails
 + Level 3.7 Armour
 - Level 3.0 Shields


You had 4 spell levels left.
You didn't know any spells.
Your spell library contained the following spells:

 Spells                   Type           Power      Damage    Failure   Level
 Beastly Appendage        Tmut           0%         N/A       86%         1
 Magic Dart               Conj           0%         1d3       86%         1
 Sting                    Tmut/Pois      0%         1d3       86%         1
 Blink                    Tloc           0%         N/A       94%         2
 Passwall                 Tmut/Erth      0%         N/A       94%         2
 Searing Ray              Conj           0%         2d4       94%         2
 Wereblood                Tmut           0%         N/A       94%         2
 Lesser Beckoning         Tloc           0%         N/A       99%         3
 Spider Form              Tmut/Pois      0%         N/A       99%         3
 Fulminant Prism          Conj/Hex       0%         3d6       100%        4
 Blade Hands              Tmut           0%         N/A       100%        5
 Manifold Assault         Tloc           0%         N/A       100%        5
 Yara's Violent Unravell  Hex/Tmut       0%         3d3       100%        5


Dungeon Overview and Level Annotations

Branches:
Dungeon (3/15)              Sewer (visited)

Altars:

Shops:
D:1 *


Innate Abilities, Weirdness & Mutations

You are mostly covered in sharp spines.


Message History

There is a collapsed entrance, spattered with blood here.
You can't go down here!
You thump the ball python!
You kill the ball python!
The rat bites you but does no damage. The river rat is struck by your spines.
The river rat bites you.
You closely miss the river rat.
The river rat is heavily wounded.
The rat closely misses you.
You closely miss the river rat.
The river rat is heavily wounded.
The rat splashes around in the water.
You block the orc priest's attack. The rat bites you but does no damage.
The rat is struck by your spines.
You kill the rat!
The river rat is struck by your spines.
The river rat bites you but does no damage.
You closely miss the river rat.
The river rat is almost dead.
The orc priest hits you but does no damage.
You block the rat's attack. The river rat bites you!
The orc priest barely misses you. The orc is struck by your spines.
The orc closely misses you.
You barely miss the orc.
The orc is heavily wounded.
The rat splashes around in the water.
The river rat bites you!
The orc priest calls down the wrath of Beogh upon you.
Beogh smites you!
* * * LOW HITPOINT WARNING * * *
Unknown command.
You barely miss the orc.
The orc is heavily wounded.
The rat is struck by your spines.
You kill the rat!
You block the river rat's attack.
The orc priest casts a cantrip, but nothing happens.
The river rat barely misses you.
You barely miss the river rat.
The river rat is almost dead.
The orc priest hits you from afar with a +0 trident!
You die...

#.# .. #.# ..
######.##########.
#..$........o.....
#~.....##########.
#~~....# #.
#roo~..# #.
#oo~~~.# #.
#@r~~~## ##
#######


You could see an orc priest, a river rat, 3 orcs and a rat.

Vanquished Creatures
  Pargi (Sewer)
  4 adders
  A dart slug (D:1)
  An orc (D:3)
  6 ball pythons
  5 endoplasms
  A giant cockroach (D:1)
  5 hobgoblins
  A quokka (D:2)
  6 bats
  10 frilled lizards
  3 kobolds
  6 rats
50 creatures vanquished.

Notes
Turn   | Place    | Note
-------+----------+-------------------------------------------
     0 | D:1      | Artool the Demonspawn Fighter began the quest for the Orb.
     0 | D:1      | Reached XP level 1. HP: 18/18 MP: 1/1
   349 | D:1      | Gained mutation: You are partially covered in sharp spines.
                  | [demonic ancestry]
   349 | D:1      | Reached XP level 2. HP: 24/24 MP: 2/2
   369 | D:1      | Found Otun Isu's General Store.
   373 | D:1      | Bought a potion of curing for 30 gold pieces
  1001 | D:2      | Reached XP level 3. HP: 27/29 MP: 3/3
  1303 | D:2      | Got the Parchment of the Figure
  1481 | D:2      | Found a faded altar of an unknown god.
  1815 | D:3      | Reached XP level 4. HP: 37/37 MP: 4/4
  1896 | D:3      | Found a glowing drain.
  1906 | Sewer    | Entered a sewer
  2135 | Sewer    | Noticed Pargi
  2153 | Sewer    | Killed Pargi
  2154 | Sewer    | Reached skill level 4 in Fighting
  2154 | Sewer    | Gained mutation: You are mostly covered in sharp spines.
                  | [demonic ancestry]
  2154 | Sewer    | Reached XP level 5. HP: 20/42 MP: 5/5
  2375 | D:3      | Slain by an orc priest

Illustrated notes

Levels and vault maps discovered:
D:1:      dpeg_arrival_refuge, layout_basic, serial_shops,
          nicolae_shop_advertising_works [nicolae_subvault_shop_adworks],
          minmay_misc_feat_encased
D:2:      kennysheep_big_flooded_room, layout_loops_ring,
          shapermc_ecumenical_altar_ellora
D:3:      layout_basic, nicolae_overflows_in_rows, serial_shops,
          nicolae_shop_hallway_plus, portal_sewer_entry_b

Skill      XL: |  1  2  3  4 |
---------------+-------------+-----
Maces & Flails | 2 3 |  3.1
Shields        | 3 |  3.0
Armour         | 3 |  3.7
Fighting       | 4 |  4.1

Action                   |  1- 3 |  4- 6 || total
-------------------------+-------+-------++-------
Melee: Flail             |    72 |    28 ||   100
Armor: Scale mail        |    30 |    28 ||    58
Dodge: Dodged            |    26 |    24 ||    50
Block: Buckler           |    19 |    15 ||    34
